 Dungeon Crawl Stone Soup version 0.27.1-33-g824d729ab1 (webtiles) character file.

Game seed: 11442811943964175941

414 zeram the Ducker (level 6, 0/32 HPs)
             Began as a Spriggan Fighter on Dec 30, 2021.
             Slain by a scorpion (6 damage)
             ... on level 4 of the Dungeon.
             The game lasted 00:05:06 (3510 turns).

zeram the Ducker (Spriggan Fighter)                 Turns: 3510, Time: 00:05:07

Health: 0/32       AC:  2    Str: 12    XL:     6   Next: 60%
Magic:  7/7        EV: 20    Int: 11    God:
Gold:   144        SH:  7    Dex: 15    Spells: 5/5 levels left

rFire    . . .     SeeInvis +   a - +0 rapier (spect)
rCold    . . .     Faith    .   c - +0 buckler
rNeg     . . .     Spirit   .   b - +0 robe
rPois    .         Reflect  .   (helmet restricted)
rElec    .         Harm     .   (no cloak)
rCorr    .         Rampage  .   (gloves unavailable)
Will     +....                  (boots unavailable)
Stlth    +++.......             (no amulet)
HPRegen  0.10/turn              (no ring)
MPRegen  0.10/turn              (no ring)

@: lethally poisoned (0 -> -11), hasted, very quick
A: very small, no large weapons, unfitting armour, see invisible, speed 3
a: no special abilities


You were on level 4 of the Dungeon.
You visited 1 branch of the dungeon, and saw 4 of its levels.

You collected 144 gold pieces.

Inventory:

Hand Weapons
 a - a +0 spectral rapier (weapon)
Missiles
 f - 13 poisoned darts (quivered)
Armour
 b - a +0 robe (worn)
 c - a +0 buckler (worn)
Wands
 k - a wand of charming (8)
Scrolls
 g - 4 scrolls of teleportation
 i - a scroll of torment {unknown}
 j - a scroll of blinking {unknown}
Potions
 d - 3 potions of might
 h - a potion of brilliance {unknown}
 l - a potion of mutation {unknown}
 m - 2 potions of invisibility
 n - a potion of magic {unknown}


   Skills:
 - Level 2.4 Fighting
 - Level 2.1 Short Blades
 + Level 0.6 Throwing
 + Level 7.2 Dodging
 + Level 4.0 Stealth
 + Level 3.8 Shields


You had 5 spell levels left.
You didn't know any spells.
Your spell library contained the following spells:

 Spells                   Type           Power      Damage    Failure   Level
 Freeze                   Ice            0%         1d3       41%         1
 Frozen Ramparts          Ice            0%         1d2       80%         3
 Gell's Gravitas          Tloc           0%         N/A       80%         3
 Lesser Beckoning         Tloc           0%         N/A       80%         3
 Teleport Other           Tloc           0%         N/A       80%         3
 Hailstorm                Conj/Ice       0%         3d3       99%         4


Dungeon Overview and Level Annotations

Branches:
Dungeon (4/15)
 Temple: D:4-7

Altars:
Elyvilon

Annotations:
D:3 3 runed translucent doors, dnasty's ghost, weakling TeAE
D:4 2 transporters


Innate Abilities, Weirdness & Mutations

You are very small and have problems with some larger weapons.
You are too small for most types of armour.
You have supernaturally acute eyesight. (SInv)
You cover ground extremely quickly. (Speed+++)


Message History

Your +0 spectral rapier hits the worm!
You kill the worm!
No target in view!
No target in view!
You swap places.
A jelly comes into view.
A jelly is nearby!
A jelly is nearby!
A jelly is nearby!
You strike the helpless jelly from behind!
You puncture the jelly!
Your hands burn!
The jelly is severely wounded.
The jelly misses you. The jelly barely misses you.
You hit the jelly.
You kill the jelly!
Your Stealth skill increases to level 4!
A scorpion comes into view.
A scorpion is nearby!
A scorpion is nearby!
A scorpion is nearby!
You hit the scorpion but do no damage. The scorpion stings you.
You are poisoned.
The scorpion poisons you! You block the scorpion's attack.
You closely miss the scorpion.
You feel very sick. You block the scorpion's attack.
You hit the scorpion but do no damage.
You feel sick. You block the scorpion's attack. The scorpion stings you!
You are lethally poisoned!
The scorpion poisons you!
You are too injured to fight recklessly!
You are too injured to fight recklessly!
Okay, then.
* * * LOW HITPOINT WARNING * * *
You feel very sick.
It was a potion of haste.
You feel yourself speed up.
* * * LOW HITPOINT WARNING * * *
You feel very sick. The scorpion stings you.
You die...

##.###...#.#.# #.# #...
........#...# #.# ###.
....#...#######.## #.
######..#..#.....########.
........#..#..............
.#####.....#.....#########
#.##.##.....# #.
#.##.....#### #.
#.##@##........#
#.####.##s##.#.####.##
......##.##.#.# #..#
#.##.....##.#.# ##.#
#..#..#####.#.# #.#
#..#......#.#.# #.####
#.....##.##.#.#####....##
#.#.......(..............
#.#.#.#.###.#.≈≈≈≈≈≈≈≈≈≈≈


You could see a scorpion.

Vanquished Creatures
  A necrophage (D:2)
  An ogre (D:3)
  A jelly (D:4)
  2 orc priests (D:4)
  3 gnolls (D:2)
  3 adders (D:3)
  An ufetubus (D:4)
  3 worms
  4 dart slugs
  2 orcs (D:4)
  7 ball pythons
  4 bats
  5 endoplasms
  5 giant cockroaches
  8 goblins
  4 hobgoblins
  7 jackals
  6 kobolds
  3 quokkas
  3 frilled lizards
  6 rats
79 creatures vanquished.

Notes
Turn   | Place    | Note
-------+----------+-------------------------------------------
     0 | D:1      | zeram the Spriggan Fighter began the quest for the Orb.
     0 | D:1      | Reached XP level 1. HP: 11/11 MP: 2/2
   123 | D:1      | Reached XP level 2. HP: 4/16 MP: 3/3
   793 | D:1      | Reached skill level 5 in Dodging
  1028 | D:1      | Reached XP level 3. HP: 19/19 MP: 4/4
  1746 | D:2      | Found a faded altar of an unknown god.
  1989 | D:2      | Noticed a necrophage
  1994 | D:2      | Reached skill level 1 in Stealth
  1997 | D:2      | Killed a necrophage
  1998 | D:2      | Reached skill level 6 in Dodging
  1998 | D:2      | Reached XP level 4. HP: 22/23 MP: 5/5
  1998 | D:2      | Reached XP level 5. HP: 26/27 MP: 6/6
  2565 | D:3      | Found a runed translucent gate.
  2565 | D:3      | Found a runed translucent gate.
  2566 | D:3      | Found a runed translucent gate.
  2622 | D:3      | Noticed dnasty's ghost (weakling TeAE)
  2703 | D:3      | Found a white marble altar of Elyvilon.
  2970 | D:4      | Found a transporter.
  2972 | D:4      | Found a transporter.
  3001 | D:4      | Noticed an ogre
  3067 | D:3      | Killed an ogre
  3068 | D:3      | Reached XP level 6. HP: 21/32 MP: 7/7
  3232 | D:4      | Reached skill level 7 in Dodging
  3510 | D:4      | Slain by a scorpion

Illustrated notes

Levels and vault maps discovered:
D:1:      elethiomel_arrival_shortcut, layout_basic
D:2:      layout_loops_cross, hellmonk_ecumenical_altar_zigzags
D:3:      layout_basic, elyvilon_altar_3, gammafunk_ghost_icy, solitary_fountain
D:4:      layout_basic, gammafunk_ghost_gnarly_gnolls, serial_shops,
          shop_statue, uniq_natasha

Skill      XL: |  1  2  3  4  5  6 |
---------------+-------------------+-----
Dodging        | 5 6 7 |  7.2
Stealth        | 1 3 4 |  4.0
Shields        | 3 |  3.8
Fighting       | |  2.4
Short Blades   | |  2.1
Throwing       | |  0.6

Action                   |  1- 3 |  4- 6 || total
-------------------------+-------+-------++-------
Melee: Rapier            |   147 |    55 ||   202
Throw: Dart              |       |     7 ||     7
  Use: Scroll            |     2 |     2 ||     4
       Potion            |       |     1 ||     1
 Stab: Distracted        |     1 |     1 ||     2
       Sleeping          |       |     5 ||     5
Armor: Robe              |    18 |       ||    18
Dodge: Dodged            |   118 |    28 ||   146
Block: Buckler           |    58 |    13 ||    71
